 Dungeon Crawl Stone Soup version 0.30.1-10-g1249ef9ec4 (webtiles) character file.

Game seed: 17934835510176674282

48950 lonewolfV2 the Nimble (level 14, -5/77 HPs)
             Began as a Demonspawn Fighter on Oct 27, 2023.
             Was a High Priest of Qazlal.
             Killed from afar by a wretched star (9 damage)
             ... with a lance of force
             ... on level 3 of the Abyss.
             The game lasted 00:24:13 (14024 turns).

lonewolfV2 the Nimble (Demonspawn Fighter)         Turns: 14024, Time: 00:24:14

Health: -5/77      AC: 23    Str: 22      XL:     14   Next: 14%
Magic:  0/16       EV:  3    Int:  9 (10) God:    Qazlal [*****.]
Gold:   912        SH: 32    Dex:  8      Spells: 13/13 levels left

rFire   x x .        e - +11 hammer of Analysis {drain, rElec rF+ rN+}
rCold   . . .        J - +18 shield of the Gong {Loud rN+ Will+ rCorr EV-5}
rNeg    + + .        g - +1 plate armour
rPois   .            H - +0 helmet
rElec   +            c - +0 cloak
rCorr   +            (no gloves)
SInv    .            (no boots)
Will    ++...        G - amulet of guardian spirit Stlth
                     m - +6 ring of intelligence
HPRegen 0.00/turn    A - ring of flight
MPRegen 0.15/turn

%: random rage (3%), repel missiles, guardian spirit
@: protected from physical damage, on berserk cooldown, sick, flying, slowed,
very slow
A: claws 2, icy blue scales 1, ignite blood 3, spiny 3, corrupting presence 1,
berserk 1, strong 1, [clumsy 2], [deterioration 1], [dopey 2], [frail 3], [low
MP 3], ([teleportitis 2]), [weak 2], [heat vulnerability 3], [subdued magic 1],
[inability to read after injury 1]
a: Renounce Religion, Upheaval, Elemental Force, Disaster Area


You were on level 3 of the Abyss.
You worshipped Qazlal.
Qazlal was extremely pleased with you.
You visited 1 branch of the dungeon, and saw 14 of its levels.
You visited the Abyss 1 time.

You collected 912 gold pieces.

Inventory:

Hand Weapons
 a - a +1 war axe of flaming
 e - the +11 hammer of Analysis (weapon) {drain, rElec rF+ rN+}
   (You found it on level 2 of the Dungeon)

   rF:        It protects you from fire.
   rElec:     It insulates you from electricity.
   rN:        It protects you from negative energy.
Missiles
 v - 2 throwing nets (quivered)
Armour
 c - a +0 cloak (worn)
 g - a +1 plate armour (worn)
 H - a +0 helmet (worn)
 J - the +18 shield of the Gong (worn) {Loud rN+ Will+ rCorr EV-5}
   (You found it on level 12 of the Dungeon)

   Loud:      It is deafeningly noisy when blocking attacks.
   EV:        It affects your evasion (-5).
   rN:        It protects you from negative energy.
   rCorr:     It protects you from acid and corrosion.
   Will:      It increases your willpower.
Jewellery
 m - a +6 ring of intelligence (left claw)
 n - a ring of fire
 A - a ring of flight (right claw)
 G - an amulet of guardian spirit (around neck)
Wands
 i - a wand of mindburst (7)
 t - a wand of charming (13)
 w - a wand of light (12)
 y - a wand of roots (15)
 B - a wand of digging (14)
 D - a wand of flame (38)
Scrolls
 f - 2 scrolls of magic mapping
 j - 4 scrolls of poison
 o - a scroll of enchant armour
 p - a scroll of amnesia
 r - 3 scrolls of teleportation
 u - a scroll of fear
 E - 4 scrolls of identify
 K - a scroll of enchant weapon
Potions
 b - a potion of flight
 d - 3 potions of might
 h - 5 potions of curing
 k - 2 potions of invisibility
 l - 6 potions of attraction
 q - 5 potions of degeneration
 s - 2 potions of brilliance
 x - a potion of resistance
 z - a potion of berserk rage
 C - 2 potions of ambrosia


   Skills:
 - Level 10.0 Fighting
 - Level 1.7(7.0) Axes
 + Level 10.6(10.7) Maces & Flails
 - Level 10.1 Armour
 * Level 13.1 Dodging
 - Level 2.6 Shields
 - Level 12.8 Invocations


You had 13 spell levels left.
You didn't know any spells.
Your spell library contained the following spells:

 Spells                   Type           Power      Damage    Failure   Level
 Sandblast                Erth           0%         2d4       100%        1
 Passwall                 Tmut/Erth      0%         N/A       100%        2
 Stone Arrow              Conj/Erth      0%         3d7       100%        3
 Simulacrum               Ice/Necr       0%         N/A       100%        6
 Ozocubu's Refrigeration  Ice            0%         4d7       100%        7
 Polar Vortex             Ice            0%         N/A       100%        9


Dungeon Overview and Level Annotations

Branches:
Dungeon (14/15)            Temple (0/1) D:7            Lair (0/5) D:8
    Orc (0/2) D:11
 Vaults: D:13-14

Altars:
Ashenzari
Dithmenos
Kikubaaqudgha
Qazlal
Trog
Xom
Jiyva

Shops:
D:2 [   D:3 (   D:7 [   D:10 =   D:12 ?

Portals:
Trove: D:13 (show slimy rune of Zot)

Annotations:
D:2 1 runed translucent door, Crazy Yiuf


Innate Abilities, Weirdness & Mutations

You have very sharp fingernails.
You are partially covered in icy blue scales. (AC +2)
Your demonic aura causes all spilled blood to erupt in flames.
You are completely covered in sharp spines.
Your presence sometimes corrodes those you injure.
You sometimes lose your temper in combat.
Your muscles are strong. (Str +4, Int/Dex -1)
[You are very clumsy. (Dex -4)]
[Your body sometimes deteriorates upon taking damage.]
[You are very dopey. (Int -4)]
[You are extremely frail. (-30% HP)]
[Your magical capacity is extremely low. (-30% MP)]
[((You are often teleported next to monsters.))]
[You are very weak. (Str -4)]
[You are extremely vulnerable to heat. (rF---)]
[Your spells are a little easier to cast, but a little less powerful.]
[You occasionally lose the ability to read scrolls when taking damage.]


Message History

BOUMMMMG!
The small abomination is engulfed in blazing flames.
You destroy the small abomination!
Qazlal accepts your kill.
Aiming: Fastroot
Press: ? - help, Q - select action, (/) - cycle Shift-Dir - straight line, f - starcursed mass, p - hellephant
Aim: a starcursed mass The roots erupt in riotous growth!
Roots grab the ancient zyme.
Roots grab the starcursed mass. x2
The grasping roots constrict the starcursed mass.
The grasping roots constrict the ancient zyme!
The grasping roots constrict the starcursed mass!
The roots release their grip on the starcursed mass.
The starcursed mass shudders and is absorbed by its neighbour.
The ancient zyme struggles to escape constriction.
You block the starcursed mass's attack.
GONNNNG!
A chorus of shrieks assaults your mind.
* * * LOW HITPOINT WARNING * * *
A wretched star comes into view.
The wretched star pulses with an eldritch light!
You feel clumsy. x2
The ancient zyme escapes!
The starcursed mass touches you.
* * * LOW HITPOINT WARNING * * *
The wretched star glows turbulently.
You block the lance of force.
BOUMMMMG!
A starcursed mass splits.
You hear a shout!
You hear a roar! x3
As you read the scroll of teleportation, it crumbles to dust.
You feel strangely stable.
You can drink potions again.
A juggernaut zombie comes into view.
The wretched star pulses with an eldritch light!
You feel frail.
You feel vulnerable to heat.
The wretched star glows turbulently.
The lance of force hits you!
You feel more protected from physical attacks.
You die...

#. #.# ..# ..#
..# ##.. §#..#
..# .§#.....#
§. #X###
§#.#§XXZ#
#.#2#*3
#§@*x*3##
#Y#X## X.#
#.....#* . ...
#.#####.#...###
.. .## # # .#
##


You could see a hellephant, 3 starcursed masses, 3 wretched stars, a blizzard
demon, an ancient zyme, a smoke demon and a juggernaut zombie.

Vanquished Creatures
  A bone dragon (Abyss:3)
  A deep elf sorcerer (Abyss:3)
  Snorg (D:14)
  A hydra (D:13)
  A catoblepas (D:14)
  2 centaur warriors
  3 two-headed ogres
  The ghost of foxicus the Cleaver, a novice HOFi of Trog (D:8)
  A boulder beetle (D:14)
  Nergalle (D:12)
  2 wretched stars (Abyss:3)
  3 skeletal warriors (D:13)
  An orc knight (D:13)
  Pikel (D:4)
  A deep elf pyromancer (D:13)
  3 cyclopes
  7 ugly things
  A worldbinder (Abyss:3)
  A manticore (D:13)
  2 gargoyles
  2 vault sentinels (D:12)
  A centaur skeleton (Abyss:3)
  2 kobold demonologists (D:10)
  An unseen horror (D:12)
  An anaconda simulacrum (Abyss:3)
  6 trolls
  2 polar bears (D:9)
  2 hornets
  10 slime creatures
  3 shadows
  3 wraiths
  A ynoxinul (Abyss:3)
  3 wyverns
  A basilisk (D:14)
  22 yaks
  2 unseen horror simulacra (D:9)
  Eustachio (D:6)
  A warg (shapeshifter) (D:14)
  8 vampire mosquitoes
  Edmund (D:4)
  2 acid dragons (D:10)
  3 water moccasins (D:8)
  A black bear (D:8)
  A sky beast (D:7)
  8 orc warriors
  4 ice beasts
  7 centaurs
  2 ogres (D:5)
  A phantom (D:3)
  2 wolves (D:9)
  10 kobold brigands
  A gnoll sergeant (D:11)
  2 bullfrogs
  4 scorpions
  3 wights (D:10)
  A small abomination (Abyss:3)
  3 electric eels (D:11)
  3 howler monkeys (D:9)
  6 jellies
  5 hounds
  3 orc priests
  A gnoll bouda (D:5)
  Ijyb (D:5)
  Jessica (D:2)
  3 iguanas
  Terence (D:2)
  18 orc wizards
  2 centaur simulacra (D:9)
  5 gnolls
  6 adders
  A shadow imp (D:5)
  6 white imps
  2 ufetubi (D:9)
  A dart slug (D:3)
  52 orcs
  6 endoplasms
  2 giant cockroaches
  3 goblins
  16 hobgoblins
  6 jackals (D:3)
  A quokka (D:1)
  5 ball pythons
  8 bats
  3 frilled lizards
  43 kobolds
  A rat (D:3)
  A starspawn tentacle (Abyss:3)
375 creatures vanquished.

Vanquished Creatures (collateral kills)
  An eidolon (Abyss:3)
  A troll (D:11)
  A wraith (D:11)
  3 gnolls (D:11)
  3 starspawn tentacles (Abyss:3)
9 creatures vanquished.

Vanquished Creatures (others)
  A tentacled starspawn (Abyss:3)
  2 starspawn tentacles (Abyss:3)
3 creatures vanquished.

Grand Total: 387 creatures vanquished

Notes
Turn   | Place    | Note
-------+----------+-------------------------------------------
     0 | D:1      | lonewolfV2 the Demonspawn Fighter began the quest for the
                  | Orb.
     0 | D:1      | Reached XP level 1. HP: 18/18 MP: 1/1
   319 | D:1      | Reached skill level 1 in Dodging
   319 | D:1      | Reached skill level 1 in Invocations
   319 | D:1      | Gained mutation: You are partially covered in sharp spines.
                  | [demonic ancestry]
   319 | D:1      | Reached XP level 2. HP: 24/24 MP: 2/2
   875 | D:2      | Found a faded altar of an unknown god.
   902 | D:2      | Prayed at the altar of an unknown god.
   902 | D:2      | Became a worshipper of Qazlal Stormbringer
   902 | D:2      | Reached * piety under Qazlal
   970 | D:2      | Found a runed translucent door.
   973 | D:2      | Noticed Crazy Yiuf
   982 | D:2      | Identified the +5 hammer of the Pariah {flame, Dex+4}
   985 | D:2      | Identified the +11 hammer of Analysis {drain, rElec rF+
                  | rN+}
   989 | D:2      | Identified the +7 hammer of Spring {elec, rElec SInv}
  1141 | D:2      | Noticed Terence
  1146 | D:2      | Killed Terence
  1147 | D:2      | Reached XP level 3. HP: 29/29 MP: 4/4
  1246 | D:2      | Reached skill level 2 in Dodging
  1358 | D:2      | Noticed Jessica
  1363 | D:2      | Killed Jessica
  1364 | D:2      | Gained mutation: You are mostly covered in sharp spines.
                  | [demonic ancestry]
  1364 | D:2      | Reached XP level 4. HP: 29/35 MP: 5/5
  1411 | D:2      | Found Xawine's Antique Armour Emporium.
  2046 | D:3      | Found Hodioxie's Weapon Shoppe.
  2126 | D:3      | Noticed a phantom
  2131 | D:3      | Reached ** piety under Qazlal
  2138 | D:3      | Killed a phantom
  2139 | D:3      | Reached skill level 3 in Dodging
  2139 | D:3      | Gained mutation: You have sharp fingernails. [demonic
                  | ancestry]
  2139 | D:3      | Reached XP level 5. HP: 31/41 MP: 5/7
  2712 | D:4      | Found an ancient bone altar of Kikubaaqudgha.
  2900 | D:4      | Gained mutation: Your demonic aura sometimes causes spilled
                  | blood to erupt in flames. [demonic ancestry]
  2900 | D:4      | Reached XP level 6. HP: 41/47 MP: 8/8
  3022 | D:4      | Noticed Edmund
  3036 | D:4      | Killed Edmund
  3037 | D:4      | Reached skill level 4 in Dodging
  3216 | D:4      | Noticed Pikel
  3230 | D:4      | Killed Pikel
  3231 | D:4      | Reached skill level 5 in Armour
  3231 | D:4      | Reached skill level 5 in Dodging
  3231 | D:4      | Reached skill level 5 in Invocations
  3231 | D:4      | Reached XP level 7. HP: 27/52 MP: 9/11
  3591 | D:4      | Found a bloodstained altar of Trog.
  3630 | D:5      | Entered Level 5 of the Dungeon
  3870 | D:5      | Gained mutation: You are partially covered in icy blue
                  | scales. (AC +2) [demonic ancestry]
  3870 | D:5      | Reached XP level 8. HP: 19/58 MP: 12/12
  3905 | D:5      | Noticed a hornet
  3912 | D:5      | Killed a hornet
  4107 | D:5      | Noticed Ijyb
  4109 | D:5      | Killed Ijyb
  4148 | D:5      | Reached skill level 6 in Dodging
  4153 | D:5      | Identified the +1 falchion "Fuak" {drain, Fly rC- Int+3
                  | SInv}
  4662 | D:6      | Found a broken altar of Ashenzari.
  4743 | D:6      | Noticed Eustachio
  4763 | D:6      | Killed Eustachio
  4793 | D:6      | Reached *** piety under Qazlal
  5024 | D:6      | Gained mutation: Your demonic aura often causes spilled
                  | blood to erupt in flames. [demonic ancestry]
  5024 | D:6      | Reached XP level 9. HP: 63/63 MP: 15/15
  5701 | D:7      | Reached skill level 7 in Dodging
  6666 | D:7      | Found a staircase to the Ecumenical Temple.
  6749 | D:7      | Reached **** piety under Qazlal
  6759 | D:7      | Reached skill level 10 in Invocations
  6937 | D:7      | Found Xetoimme's Antique Armour Shoppe.
  7230 | D:7      | Reached skill level 10 in Armour
  7230 | D:7      | Reached skill level 10 in Dodging
  7230 | D:7      | Reached XP level 10. HP: 70/70 MP: 17/17
  7231 | D:7      | Reached skill level 5 in Maces & Flails
  7231 | D:7      | Gained mutation: You have very sharp fingernails. [demonic
                  | ancestry]
  7231 | D:7      | Reached XP level 11. HP: 83/83 MP: 18/18
  7486 | D:8      | Noticed a two-headed ogre
  7490 | D:8      | Killed a two-headed ogre
  7491 | D:8      | Gained mutation: Your demonic aura causes all spilled blood
                  | to erupt in flames. [demonic ancestry]
  7491 | D:8      | Reached XP level 12. HP: 91/91 MP: 12/19
  7622 | D:8      | Found a runed translucent gate.
  7622 | D:8      | Found a runed translucent gate.
  7622 | D:8      | Found a runed translucent gate.
  7623 | D:8      | Noticed foxicus's ghost (novice HOFi)
  7671 | D:8      | Found a staircase to the Lair.
  7877 | D:8      | Found a viscous altar of Jiyva.
  7943 | D:8      | Killed foxicus's ghost
  8322 | D:9      | Found a shimmering altar of Xom.
  8475 | D:9      | Reached ***** piety under Qazlal
  9494 | D:10     | Entered Level 10 of the Dungeon
  9909 | D:10     | Found Hecuic's One-of-a-Kind Rings.
 10181 | D:10     | Found a stormy altar of Qazlal.
 10186 | D:10     | Found a shadowy altar of Dithmenos.
 10440 | D:11     | Found a gate leading to a gauntlet.
 11135 | D:11     | Found a staircase to the Orcish Mines.
 11368 | D:11     | Noticed a two-headed ogre
 11373 | D:11     | Killed a two-headed ogre
 12079 | D:12     | Gained mutation: You are completely covered in sharp
                  | spines. [demonic ancestry]
 12079 | D:12     | Reached XP level 13. HP: 103/103 MP: 22/22
 12080 | D:12     | Noticed Nergalle
 12088 | D:12     | Killed Nergalle
 12099 | D:12     | Found Efies's Magic Scroll Shoppe.
 12385 | D:12     | Found the +18 shield of the Gong {Loud rN+ Will+ rCorr
                  | EV-5}
 12442 | D:13     | Reached skill level 10 in Fighting
 12711 | D:13     | Reached skill level 11 in Dodging
 13264 | D:13     | Found a portal to a secret trove of treasure.
 13267 | D:13     | Identified the +1 robe "Feuddamo" {-Cast rPois Slay+5 SInv}
 13645 | D:13     | Gained mutation: You sometimes lose your temper in combat.
                  | [potion of mutation]
 13645 | D:13     | Gained mutation: Your muscles are strong. (Str +4, Int/Dex
                  | -1) [potion of mutation]
 13666 | D:14     | Noticed Snorg
 13673 | D:14     | Killed Snorg
 13706 | D:14     | Reached skill level 12 in Dodging
 13714 | D:14     | Reached skill level 10 in Maces & Flails
 13733 | D:14     | Reached ****** piety under Qazlal
 13885 | Abyss:3  | Cast into level 3 of the Abyss (a wizard)
 13886 | Abyss:3  | Found a corrupted altar of Lugonu.
 13888 | Abyss:3  | Noticed an eidolon
 13897 | Abyss:3  | Noticed a tentacled starspawn
 13910 | Abyss:3  | Killed an eidolon
 13911 | Abyss:3  | Killed a tentacled starspawn
 13945 | Abyss:3  | Gained mutation: Your presence sometimes corrodes those you
                  | injure. [demonic ancestry]
 13945 | Abyss:3  | Reached XP level 14. HP: 76/88 MP: 19/23
 13985 | Abyss:3  | Noticed a bone dragon
 13986 | Abyss:3  | Noticed a deep elf sorcerer
 14009 | Abyss:3  | Killed a bone dragon
 14014 | Abyss:3  | Killed a deep elf sorcerer
 14015 | Abyss:3  | Reached skill level 13 in Dodging
 14019 | Abyss:3  | Noticed a hellephant
 14023 | Abyss:3  | HP: 4/88 [starcursed mass (2)]
 14024 | Abyss:3  | Killed from afar by a wretched star

Illustrated notes

Levels and vault maps discovered:
D:1:      evilmike_arrival_hilbert_curve, layout_basic, hangedman_decor_lopped
D:2:      layout_loops_corners, serial_shops, shop,
          nicolae_ecumenical_oubliette, uniq_crazy_yiuf_cottage, uniq_terence,
          uniq_jessica
D:3:      layout_rooms, serial_shops, shop, grunt_decor_cap, minivault_5
D:4:      layout_basic, overflow_temple_1_default,
          gammafunk_temple_overflow_elements, uniq_edmund, uniq_pikel
D:5:      layout_cave_pods, chequers_garden, uniq_ijyb
D:6:      layout_basic, mainiacjoe_overflow_concentric_impassable,
          uniq_eustachio
D:7:      layout_basic, minmay_temple_entry_sparse_star, serial_shops,
          nicolae_square_shop
D:8:      layout_rooms, grunt_lair_entry_orc_guard_hut, gammafunk_ghost_ooze
D:9:      layout_basic, xom_teletrap_fun, serial_ice, serial_ice_b,
          serial_ice_f, serial_ice_n, serial_ice_g
D:10:     layout_long_grid, minmay_overflow_temple_star_quad,
          nicolae_shop_unique_rings
D:11:     layout_basic, orc_0_dummy, gauntlet_entry_generic
D:12:     layout_loops_ring, serial_shops, nicolae_shop_behind_doors,
          grunt_ministairs_5, hellmonk_guarded_unrand_gong, uniq_nergalle
D:13:     cheibrodos_orc_bank, layout_loops_ring, nicolae_trove_entry_crystal,
          minmay_microvault
D:14:     lemuel_bear_cage, layout_layer_cave, david_vaults_1,
          dreamdust_princess_bridge, uniq_snorg
Abyss:3:  base: D:14, nicolae_abyss_rune_star_stuff,
          serial_sigils_hangedman_snap, minivault_11, minivault_28

Skill      XL: |  1  2  3  4  5  6  7  8  9 10 11 12 13 14 |
---------------+-------------------------------------------+-----
Dodging        | 1 2 3 5 6 10 12 13 | 13.1
Invocations    | 1 2 3 5 6 8 10 12 | 12.8
Armour         | 3 5 6 10 | 10.1
Fighting       | 6 7 9 10 | 10.0
Maces & Flails | 5 6 8 10 | 10.6
Axes           | |  1.7
Shields        | |  2.6

Action                     |  1- 3 |  4- 6 |  7- 9 | 10-12 | 13-15 || total
---------------------------+-------+-------+-------+-------+-------++-------
  Melee: War axe           |    43 |       |       |       |       ||    43
         Mace              |     7 |    63 |   126 |   238 |   274 ||   708
 Invoke: Upheaval          |       |       |       |     4 |       ||     4
         Elemental Force   |       |       |       |     1 |     3 ||     4
  Evoke: Wand              |       |       |     1 |       |     2 ||     3
    Use: Scroll            |     5 |     4 |     4 |     3 |     8 ||    24
         Potion            |       |       |    15 |     1 |     3 ||    19
 Armour: Scale mail        |    27 |       |       |       |       ||    27
         Plate armour      |    13 |    24 |    70 |   128 |   108 ||   343
  Dodge: Dodged            |    21 |     6 |    47 |   123 |    27 ||   224
         Repelled          |       |       |       |     7 |     3 ||    10
  Block: Buckler           |    21 |    25 |    85 |   179 |     4 ||   314
         Kite shield       |       |       |       |       |   490 ||   490
         Other             |       |       |       |       |     4 ||     4
